 Dungeon Crawl Stone Soup version 0.23.2 (webtiles) character file.

Game seed: 2522925219982888727

29 KOK29364 the Gusty (level 3, -2/26 HPs)
             Began as a Draconian Air Elementalist on Apr 11, 2019.
             Slain by Natasha (10 damage)
             ... on level 2 of the Dungeon.
             The game lasted 00:07:32 (1601 turns).

KOK29364 the Gusty (Draconian Air Elementalist)     Turns: 1601, Time: 00:07:32

Health: -2/26      AC:  5    Str: 10    XL:     3   Next: 1%
Magic:  5/6        EV: 12    Int: 16    God:
Gold:   69         SH:  0    Dex: 13    Spells: 0/6 levels left

rFire    . . .     SeeInvis .   j - +0 falchion
rCold    . . .     Gourm    .   (no shield)
rNeg     . . .     Faith    .   (armour unavailable)
rPois    .         Spirit   .   (helmet restricted)
rElec    .         Reflect  .   (no cloak)
rCorr    .         Harm     .   (no gloves)
MR       .....                  (no boots)
Stlth    +.........             (no amulet)
HPRegen  0.08/turn              g - ring of attention (curse)
MPRegen  0.10/turn              (no ring)

@: no status effects
A: unfitting armour, agile 1, wild magic 1, cold-blooded, AC +5
a: no special abilities


You were on level 2 of the Dungeon.
You were hungry.

You visited 1 branch of the dungeon, and saw 2 of its levels.

You collected 69 gold pieces.

Inventory:

Hand Weapons
 c - a +1 club
 j - a +0 falchion (weapon)
Missiles
 a - 16 stones (quivered)
 e - 30 bolts
 l - 2 tomahawks
Jewellery
 g - a cursed ring of attention (left hand)
Scrolls
 d - a scroll of teleportation
Potions
 f - 2 potions of curing {unknown}
 i - a potion of haste {unknown}
 k - a potion of ambrosia {unknown}
Comestibles
 b - 3 rations


   Skills:
 + Level 2.1 Dodging
 + Level 2.0 Stealth
 + Level 0.4 Unarmed Combat
 + Level 2.3 Spellcasting
 + Level 1.2 Conjurations
 + Level 3.3 Air Magic


You couldn't memorise any spells.
You knew the following spells:

 Your Spells              Type           Power        Failure   Level  Hunger
a - Shock                 Conj/Air       ##..         12%         1    #......
b - Swiftness             Chrm/Air       #.......     22%         2    ###....
c - Static Discharge      Conj/Air       ##......     32%         3    ###....

Your spell library contained the following spells:

 Spells                   Type           Power        Failure   Level  Hunger
 Airstrike                Air            ###.......   54%         4    #####..
 Lightning Bolt           Conj/Air       ##........   95%         5    ######.


Dungeon Overview and Level Annotations

Branches:
Dungeon (2/15)

Altars:

Annotations:
D:2 Natasha


Innate Abilities, Weirdness & Mutations

Your plain brown scales are hard. (AC +5)
You cannot fit into any form of body armour.
You are cold-blooded and may be slowed by cold attacks.
You are agile. (Dex +2)
Your spells are a little harder to cast, but a little more powerful.


Message History

The zap misses Natasha.
Natasha claws you!
You closely miss Natasha. Natasha misses you.
You hit Natasha.
Natasha is moderately wounded.
Natasha claws you.
You closely miss Natasha.
Your tail-slap misses Natasha.
Natasha is moderately wounded.
Natasha misses you.
You riposte.
You barely miss Natasha.
Your tail-slap misses Natasha.
Natasha is moderately wounded.
You closely miss Natasha.
Natasha is moderately wounded.
Natasha claws you. Natasha casts a spell at you. The magic dart hits you!
You closely miss Natasha.
Natasha is moderately wounded.
Natasha claws you!
You die...

###### # ##....## .#
.# ## #.8..8.# .##.#
.# #.[....# .... ##
##....## ..#
######.##.### ####..#
.#8#.##''##.###...#.#
#...#...)..#.'.###..#
.#8#.##')##.###.@h###
######.##.### ####.#
#....# .# #......# ..
#.8..8.# .#. ##....##
.#.# ###### .# # ##


You could see Natasha.

Vanquished Creatures
  A dart slug (D:1)
  4 orcs (D:2)
  3 goblins
  A hobgoblin (D:1)
  2 jackals (D:1)
  3 kobolds
  A ball python (D:1)
  4 bats (D:1)
  2 frilled lizards
  A leopard gecko zombie (D:2)
  2 rats (D:1)
24 creatures vanquished.

Notes
Turn   | Place    | Note
-------+----------+-------------------------------------------
     0 | D:1      | KOK29364 the Draconian Air Elementalist began the quest for
                  | the Orb.
     0 | D:1      | Reached XP level 1. HP: 14/14 MP: 3/3
   486 | D:1      | Reached XP level 2. HP: 16/20 MP: 1/5
   490 | D:1      | Learned a level 2 spell: Swiftness
  1419 | D:2      | Reached XP level 3. HP: 13/26 MP: 2/6
  1424 | D:2      | Learned a level 3 spell: Static Discharge
  1581 | D:2      | Gained mutation: You are weak. (Str -2) [potion of
                  | mutation]
  1581 | D:2      | Gained mutation: You are dopey. (Int -2) [potion of
                  | mutation]
  1581 | D:2      | Gained mutation: Your tail ends in a poisonous barb.
                  | [potion of mutation]
  1581 | D:2      | Gained mutation: Your large and strong wings let you fly
                  | indefinitely. [potion of mutation]
  1582 | D:2      | Lost mutation: You are weak. (Str -2) [potion of mutation]
  1582 | D:2      | Lost mutation: Your tail ends in a poisonous barb. [potion
                  | of mutation]
  1582 | D:2      | Lost mutation: Your large and strong wings let you fly
                  | indefinitely. [potion of mutation]
  1582 | D:2      | Lost mutation: You are dopey. (Int -2) [potion of mutation]
  1582 | D:2      | Gained mutation: You are agile. (Dex +2) [potion of
                  | mutation]
  1582 | D:2      | Gained mutation: Your spells are a little harder to cast,
                  | but a little more powerful. [potion of mutation]
  1594 | D:2      | Noticed Natasha
  1601 | D:2      | Slain by Natasha

Skill      XL: |  1  2 |
---------------+-------+-----
Dodging        | 2 |  2.1
Stealth        | 2 |  2.0
Unarmed Combat | |  0.4
Spellcasting   | |  2.3
Conjurations   | |  1.2
Air Magic      | |  3.3

Action                   || total
-------------------------++-------
Melee: Club              ||    13
       Unarmed           ||     5
       Falchion          ||     8
 Cast: Shock             ||    42
  Use: Scroll            ||     3
       Potion            ||     2
  Eat: Chunk             ||     2
Armor: Skin              ||    10
Dodge: Dodged            ||    18
       Rpst.: Falchion   ||     1
